 Dungeon Crawl Stone Soup version 0.18-a0-1273-g8ec5f8e (webtiles) character file.

259 4thArraOfDagon the Tainted (level 5, 0/41 HPs)
             Began as a Centaur Air Elementalist on Feb 7, 2016.
             Was an Initiate of Yredelemnul.
             Slain by an orc wizard
             ... wielding a +0 dagger
              (2 damage)
             ... on level 5 of the Dungeon.
             The game lasted 00:07:40 (1334 turns).

4thArraOfDagon the Tainted (CeAE)                   Turns: 1334, Time: 00:07:40

Health: 0/41       AC:  4    Str: 15    XL:     5   Next: 95%
Magic:  1/8        EV:  9    Int: 15    God:    Yredelemnul [......]
Gold:   134        SH:  0    Dex: 10    Spells: 2 memorised, 5 levels left

rFire  . . .     SeeInvis .     (no weapon)
rCold  . . .     Gourm    .     a - +0 robe
rNeg   . . .     Faith    .     (no shield)
rPois  .         Spirit   .     (no helmet)
rElec  .         Dismiss  .     (no cloak)
rCorr  .         Reflect  .     (no gloves)
SustAt .         Harm     .     (no barding)
MR     .....                    (no amulet)
Stlth  +.........               (no ring)
                                (no ring)

@: mighty, flying, very slightly contaminated, hasted, repel missiles, very
quick, not resistant to hostile enchantments, very unstealthy
A: hooves 3, deformed body, speed 2, tough skin 3
a: Renounce Religion


You were on level 5 of the Dungeon.
You worshipped Yredelemnul.
Yredelemnul was noncommittal.
You were very hungry.

You visited 2 branches of the dungeon, and saw 8 of its levels.

You collected 134 gold pieces.

Inventory:

Missiles
 d - 8 stones (quivered)
Armour
 a - a +0 robe (worn)
Wands
 h - a wand of hasting (4/9)
Scrolls
 g - a scroll of immolation {unknown}
 i - a scroll of vulnerability {unknown}
 j - 2 scrolls of enchant weapon {unknown}
 k - a scroll of teleportation {unknown}
 l - a scroll of blinking {unknown}
 m - 3 scrolls of remove curse {unknown}
 p - a scroll of recharging {unknown}
Potions
 e - a potion of might
Books
 b - a book of Air

   Spells                             Type                      Level
   a - Shock                          Conjuration/Air              1
   b - Swiftness                      Charms/Air                   2
   c - Repel Missiles                 Charms/Air                   2
   d - Static Discharge               Conjuration/Air              3
   e - Lightning Bolt                 Conjuration/Air              5
Comestibles
 c - 2 bread rations
 f - 6 fruits


   Skills:
 + Level 2.0 Fighting
 - Level 1.3 Dodging
 - Level 1.2 Stealth
 - Level 2.1 Spellcasting
 - Level 2.1 Conjurations
 - Level 3.6 Air Magic
 * Level 3.8 Invocations


You had 5 spell levels left.
You knew the following spells:

 Your Spells              Type           Power        Failure   Level  Hunger
a - Shock                 Conj/Air       ##..         10%         1    #......
b - Repel Missiles        Chrm/Air       #.....       17%         2    ###....


Dungeon Overview and Level Annotations

Branches:
Dungeon (7/15)             Temple (1/1) D:5

Altars:
Cheibriados
Dithmenos
Makhleb
Sif Muna
Trog
Vehumet
Xom
Yredelemnul
Zin
The Shining One

Annotations:
D:3 Grinder


Innate Abilities, Weirdness & Mutations

You have hooves in place of feet.
Armour fits poorly on your strangely shaped body.
You cover ground very quickly.
You have extremely tough skin (AC +3).


Message History

The orc wizard is heavily wounded.
The orc wizard closely misses you. The jackal barely misses you.
The jackal bites you.
* * * LOW HITPOINT WARNING * * *
The orc hits you with a dagger.
* * * LOW HITPOINT WARNING * * *
The worker ant zombie closely misses you.
Unknown command.
Unknown command.
Unknown command.
Unknown command.
Unknown command.
Unknown command.
The orc wizard hits you but does no damage.
Things that are here:
a whip; a leather armour; an orc corpse Unknown command.
The orc wizard hits you with a dagger.
You die...
Your body rises from the dead as a mindless zombie.

########## .........
#....# #...@# #..o)#
####..oh########
......Zhh†o.....
########....########
....# #....# #....
#....# #....##....#
#......#####


You could see an orc wizard, an orc, a worker ant zombie and 3 jackals.

Vanquished Creatures
  2 scorpions (D:5)
  A giant frog zombie (D:5)
  An orc priest (D:5)
  2 giant frog skeletons
  A hound zombie (D:5)
  An adder zombie (D:5)
  A giant gecko (D:1)
  4 bats
  3 giant cockroaches
  2 goblins (D:3)
  2 hobgoblins (D:3)
  A jackal (D:5)
  2 kobolds (D:3)
  2 quokkas (D:3)
  A ball python (D:2)
  A giant newt (D:4)
  A quokka skeleton (D:5)
  A rat (D:3)
29 creatures vanquished.

Notes
Turn   | Place    | Note
--------------------------------------------------------------
     0 | D:1      | 4thArraOfDagon the Centaur Air Elementalist began the quest for the Orb.
     0 | D:1      | Reached XP level 1. HP: 14/14 MP: 3/3
    26 | D:1      | Reached skill level 1 in Conjurations
   215 | D:5      | Entered Level 5 of the Dungeon
   336 | D:5      | Reached skill level 3 in Air Magic
   336 | D:5      | Reached XP level 2. HP: 10/20 MP: 0/4
   336 | D:5      | Reached XP level 3. HP: 13/26 MP: 0/5
   345 | D:5      | Learned a level 2 spell: Repel Missiles
   517 | D:5      | Found a staircase to the Ecumenical Temple.
   529 | D:5      | Reached XP level 4. HP: 16/33 MP: 3/7
   537 | Temple   | Entered the Ecumenical Temple
   544 | Temple   | Became a worshipper of Yredelemnul the Dark
   831 | D:2      | Found a radiant altar of Vehumet.
  1116 | D:3      | Noticed Grinder
  1155 | D:4      | Reached skill level 1 in Invocations
  1276 | D:5      | HP: 1/34 [scorpion (5)]
  1279 | D:5      | Reached skill level 1 in Fighting
  1279 | D:5      | Reached XP level 5. HP: 25/40 MP: 0/8
  1332 | D:5      | HP: 2/41 [orc/dagger (2)]
  1334 | D:5      | Slain by an orc wizard

Vault maps used:
D:1:      lemuel_arrival_room, serial_glass, glass_columns_a, glass_columns_a,
          glass_columns_a, glass_columns_a, glass_columns_b, glass_columns_b,
          glass_columns_c, glass_columns_c, feat_on_display, item_on_display_a,
          due_unseen_surprise, feat_on_display
D:2:      nicolae_overflow_crystal_walls, serial_forest,
          infiniplex_forest_corner_1, infiniplex_forest_lined_ring,
          infiniplex_forest_clump_small, infiniplex_forest_lined_corner,
          infiniplex_forest_corner_1, infiniplex_forest_corner_2,
          infiniplex_forest_clump_diagonal, uniq_iyjb, uniq_jessica
D:3:      grunt_temple_overflow_opulence, uniq_crazy_yiuf_cottage, uniq_grinder
D:4:      grunt_temple_overflow_diamond, first_bread
D:5:      temple_fountains
D:6:      hangedman_feature_mirror, led_sif_book, uniq_sigmund
D:7:      gammafunk_temple_overflow_forgotten, overflow_temple_1_default,
          minivault_25, minmay_misc_feat_ornament, uniq_prince_ribbit1
Temple:   nicolae_temple_no_exploring_needed

Action                   |  1- 3 |  4- 6 || total
-------------------------+-------+-------++-------
Melee: Unarmed           |    32 |    40 ||    72
Throw: Stone             |     4 |       ||     4
 Cast: Shock             |    18 |    36 ||    54
       Repel Missiles    |       |     1 ||     1
  Use: Potion            |       |     5 ||     5
  Eat: Fruit             |       |     1 ||     1
